 Dungeon Crawl Stone Soup version 0.16.2-12-gd0ad4c3 (webtiles) character file.

102 Kloppie the Conjurer (level 4, 0/30 HPs)
             Began as a High Elf Fire Elementalist on Nov 2, 2015.
             Slain by a worker ant (7 damage)
             ... on level 4 of the Dungeon.
             The game lasted 00:07:47 (3179 turns).

Kloppie the Conjurer (High Elf Fire Elementalist)   Turns: 3179, Time: 00:07:47

Health: 0/30       AC:  6    Str:  7    XL:     4   Next: 50%
Magic:  11/20      EV: 10    Int: 20    God:
Gold:   83         SH:  0    Dex: 15    Spells: 2 memorised, 3 levels left

rFire  . . .     SeeInvis .     s - +0 rapier
rCold  . . .     Clarity  .     l - +0 ring mail
rNeg   . . .     SustAb   .     (no shield)
rPois  .         Gourm    .     (no helmet)
rElec  .         Spirit   .     g - +0 cloak
rCorr  .         Warding  .     (no gloves)
rMut   .         Stasis   .     (no boots)
MR     .....                    (no amulet)
Stlth  +.........               (no ring)
                                e - ring of magical power

@: lethally poisoned (0 -> -16), very slightly contaminated, not resistant to
hostile enchantments, very unstealthy
A: no striking features
a: no special abilities


You were on level 4 of the Dungeon.
You were hungry.

You visited 1 branch of the dungeon, and saw 4 of its levels.

You collected 83 gold pieces.

Inventory:

Hand weapons
 s - a +0 rapier (weapon)
Armour
 a - a +0 robe
 g - a +0 cloak (worn)
 l - a +0 ring mail (worn)
Jewellery
 e - a ring of magical power (left hand)
 p - an uncursed amulet of guardian spirit
Magical devices
 m - a wand of random effects (31)
Scrolls
 f - a scroll of teleportation
Potions
 d - a potion of agility
 i - 2 potions of magic
 k - 2 potions of haste
 n - 4 potions of curing
Books
 b - a book of Flames

   Spells                             Type                      Level
   a - Flame Tongue                   Conjuration/Fire             1
   b - Throw Flame                    Conjuration/Fire             2
   c - Conjure Flame                  Conjuration/Fire             3
   d - Inner Flame                    Hexes/Fire                   3
   e - Sticky Flame                   Conjuration/Fire             4
   f - Fireball                       Conjuration/Fire             5
Comestibles
 c - a bread ration
 q - a slice of pizza
 t - a beef jerky
 u - a meat ration


   Skills:
 + Level 2.8 Fighting
 - Level 2.1 Dodging
 - Level 2.1 Stealth
 - Level 2.4 Spellcasting
 + Level 3.4 Conjurations
 - Level 3.0 Fire Magic


You had 3 spell levels left.
You knew the following spells:

 Your Spells              Type           Power        Failure   Level  Hunger
a - Flame Tongue          Conj/Fire      ###..        17%         1    #......
b - Conjure Flame         Conj/Fire      ###.....     50%         3    ###....


Dungeon Overview and Level Annotations

Branches:
Dungeon (4/15)
 Temple: D:4-7

Altars:


Message History

Press: ? - help, Shift-Dir - straight line, f/p - worker ant
Aim: a worker ant (severely wounded)
The flame tongue hits the worker ant.
The worker ant appears unharmed.
The worker ant is severely wounded.
You feel sick. The worker ant barely misses you.
You hit the worker ant.
The worker ant is almost dead.
You feel sick. The worker ant bites you.
* * * LOW HITPOINT WARNING * * *
You are more poisoned.
The worker ant poisons you!
Casting: Flame Tongue
Confirm with . or Enter, or press ? or * to list all spells.
Aiming: Flame Tongue
Press: ? - help, Shift-Dir - straight line, f/p - worker ant
Aim: a worker ant (almost dead)
The flame tongue misses the worker ant.
* * * LOW HITPOINT WARNING * * *
You feel sick. The worker ant bites you!
You die...

# ##. ##.. .
##...# ## #..
#.....#.##....
#...a...##
#..@....#
#.........#
#............
##...........
##..........
#..)......
...##.... #.##
##.


You could see a worker ant.

Vanquished Creatures
  2 adders (D:2)
  6 worms
  A giant gecko (D:2)
  An ooze (D:2)
  A giant cockroach (D:2)
  3 goblins
  9 hobgoblins
  A quokka (D:3)
  5 bats
  5 giant newts
  2 kobolds (D:3)
  13 rats
49 creatures vanquished.

Notes
Turn   | Place    | Note
--------------------------------------------------------------
     0 | D:1      | Kloppie, the High Elf Fire Elementalist, began the quest for the Orb.
     0 | D:1      | Reached XP level 1. HP: 11/11 MP: 4/4
   546 | D:1      | Reached skill level 1 in Fighting
   937 | D:1      | Reached XP level 2. HP: 15/18 MP: 6/6
  1501 | D:2      | Reached XP level 3. HP: 12/24 MP: 0/8
  1627 | D:2      | Learned a level 3 spell: Conjure Flame
  2207 | D:2      | Reached XP level 4. HP: 30/30 MP: 2/11
  3179 | D:4      | Slain by a worker ant

Action                   |  1- 3 |  4- 6 || total
-------------------------+-------+-------++-------
Melee: Club              |   120 |    10 ||   130
       Rapier            |       |    47 ||    47
 Cast: Flame Tongue      |    39 |    17 ||    56
  Use: Scroll            |       |     8 ||     8
 Stab: Sleeping          |       |     1 ||     1
  Eat: Chunk             |     4 |     3 ||     7
